Cogmind - Beta 10.2 @@@ ROGUE MODE // 2021.07.30 @ 22:51:26 Player: tatata Result: Destroyed by P-70 Sage with Tesla Rifle Performance ------------- Evolutions (5) 2500 Regions Visited (6) 1200 Robots Destroyed (64) 320 Value Destroyed (2558) 2558 Prototype IDs (3) 60 Alien Tech Used (0) 0 Bonus (0) 0 TOTAL SCORE: 6638 Bonus ------- None Cogmind --------- Core Integrity 0/1000 Matter 94/300 Energy 100/100 System Corruption 33% Temperature Cool (0) Movement Core (300) Ox5 Location -5/Factory Parts ------- > --- POWER (2) -------- (None) > --- PROPULSION (5) --- (None) > --- UTILITY (8) ------ Large Storage Unit Advanced Signal Interpreter > --- WEAPON (2) ------- (None) > --- INVENTORY (10) --- (None) Peak State ------------ > --- POWER ------------ Light Nuclear Core Light Nuclear Core > --- PROPULSION ------- Carbon-fiber Leg Improved Carbon-fiber Leg Flexi-carbon Leg Armored Leg > --- UTILITY ---------- Large Storage Unit Large Storage Unit Advanced Signal Interpreter Layered Light Armor Plating Layered Light Armor Plating Layered Light Armor Plating Shock Absorption System > --- WEAPON ----------- Cooled Particle Cannon Heavy Assault Rifle > --- INVENTORY -------- Nuclear Core Nuclear Core Light Nuclear Core Light Treads Aluminum Leg Aluminum Leg Large Storage Unit Layered Medium Armor Plating Layered Medium Armor Plating Heavy Reflective Plating Particle Gun Gatling Laser Heavy Assault Rifle Flak Cannon Grenade Launcher [Rating: 55] Favorites ----------- Power Light Nuclear Core Engine Light Ion Engine Power Core Light Nuclear Core Propulsion Aluminum Leg Treads Light Treads Leg Aluminum Leg Utility Large Storage Unit Device Shock Absorption System Storage Large Storage Unit Processor Advanced Signal Interpreter Protection Layered Light Armor Plating Weapon Heavy Assault Rifle Energy Gun Medium Laser Energy Cannon Cooled Particle Cannon Ballistic Gun Heavy Assault Rifle Ballistic Cannon Flak Cannon Launcher Grenade Launcher Build | -11 -10 -9 -8 -7 -6 -5 ------- Run | Scr Mat Mat Mat Fac Fac Fac Slots Evolved 10 | . . 2 2 2 2 2 Power 1 | . . . . . 1 . Propulsion 3 | . . 2 . . . 1 Utility 6 | . . . 2 2 1 1 Weapon . | . . . . . . . Parts Attached 109 | 6 6 15 16 22 31 13 Power 15 | 1 . 2 3 2 5 2 Engine 9 | 1 . 2 2 1 1 2 Core 6 | . . . 1 1 4 . Reactor . | . . . . . . . Propulsion 38 | 2 . 6 5 9 14 2 Treads 7 | . . 3 . 3 . 1 Leg 31 | 2 . 3 5 6 14 1 Wheel . | . . . . . . . Hover . | . . . . . . . Flight . | . . . . . . . Utility 27 | 1 3 . 5 8 7 3 Device 6 | . . . . 2 2 2 Storage 5 | 1 1 . . 2 1 . Processor 4 | . 2 . 1 1 . . Hackware . | . . . . . . . Protection 12 | . . . 4 3 4 1 Artifact . | . . . . . . . Weapon 29 | 2 3 7 3 3 5 6 Energy Gun 10 | 2 . . 2 1 2 3 Energy Cannon 3 | . . 1 . 1 1 . Ballistic Gun 12 | . 2 5 1 1 1 2 Ballistic Cannon 1 | . . . . . 1 . Launcher 3 | . 1 1 . . . 1 Special Weapon . | . . . . . . . Impact Weapon . | . . . . . . . Slashing Weapon . | . . . . . . . Piercing Weapon . | . . . . . . . Special Melee Weapon . | . . . . . . . Unidentified Prototypes 3 | . . . 2 1 . . Parts Lost 63 | . 2 7 2 11 18 23 Power 10 | . . 1 . 2 4 3 Propulsion 20 | . . 4 . 5 5 6 Utility 16 | . . . 1 2 5 8 Weapon 17 | . 2 2 1 2 4 6 Highest Loss Streak 21 | . 2 6 1 9 5 21 Average Slot Usage (%) 94 | . 99 96 99 93 95 76 Engine 5 | . 14 10 8 . 1 4 Core 4 | . . . . 6 10 3 Treads 5 | . . 12 18 3 . 3 Leg 23 | . 28 28 17 25 25 15 Device 3 | . . . . 7 2 11 Storage 13 | . 14 11 9 15 14 16 Processor 7 | . 13 11 9 2 6 5 Protection 12 | . . . 17 15 19 3 Energy Gun 4 | . 20 . 3 3 1 3 Energy Cannon 1 | . . . . 1 3 . Ballistic Gun 9 | . 7 21 14 9 5 4 Naked Turns . | . . . . . . . Heaviest Build 97 | 11 23 27 36 59 96 97 Greatest Support 69 | 20 20 60 60 48 69 55 Greatest Overweight (x) 23 | 3 1 2 . 4 8 23 Average Overweight (x) . | . . . . 1 1 1 Largest Inventory Capacity 22 | 6 10 10 10 16 22 22 Average Capacity 14 | 5 9 10 10 16 16 21 Most Carried 16 | 6 10 10 10 13 16 6 Average Carried 9 | 4 7 9 9 8 11 3 Final Capacity 22 | 6 10 10 10 16 22 10 Final Carried 13 | 6 10 10 10 13 4 . Class Distribution -------------------- 72% | Scavenger-Mutant 23% | Mutant 3% | Hauler-Mutant Dominant Class ---------------- Mutant | -10/Materials Scavenger-Mutant | -9/Materials Scavenger-Mutant | -8/Materials Scavenger-Mutant | -7/Factory Scavenger-Mutant | -6/Factory Scavenger-Mutant | -5/Factory Resources | -11 -10 -9 -8 -7 -6 -5 ----------- Run | Scr Mat Mat Mat Fac Fac Fac Matter Collected 1990 | 260 83 205 363 324 692 63 Remotely . | . . . . . . . Salvage Created 2577 | . 232 208 601 512 745 279 Parts 133 | . 9 18 33 26 31 16 Haulers Intercepted . | . . . . . . . Recyclers Shooed 2 | . . . . . 2 . Parts Field Recycled . | . . . . . . . Retrieved Matter . | . . . . . . . Parts Self-Destructed . | . . . . . . . Prevented . | . . . . . . . Kills | -11 -10 -9 -8 -7 -6 -5 ------- Run | Scr Mat Mat Mat Fac Fac Fac Combat Hostiles Destroyed 57 | . 7 9 12 10 14 5 Guns 42 | . 5 6 11 10 6 4 Cannons 7 | . . . . . 7 . AOE 8 | . 2 3 1 . 1 1 Classes Destroyed 10 | . 2 3 2 2 1 . Worker 2 | . . 1 . . 1 . Builder 2 | . . . 1 . . 1 Recycler 1 | . . . . 1 . . Watcher 2 | . . 1 . . 1 . Swarmer 9 | . 2 7 . . . . Grunt 30 | . 5 1 7 7 8 2 Brawler 2 | . . . . . 1 1 Sentry 7 | . . 1 4 1 1 . Hunter 3 | . . . 1 1 1 . Programmer 6 | . . . . 1 3 2 Best Kill Streak 5 | . 4 5 3 3 3 5 Combat Bots Only 4 | . 4 4 3 3 3 4 Max Kills in Single Turn 4 | . 2 4 2 1 1 2 Gunslinging . | . . . . . . . Exploded 3 | . 2 3 1 . 1 1 Melee . | . . . . . . . Uniques/NPCs Destroyed . | . . . . . . . Combat | -11 -10 -9 -8 -7 -6 -5 -------- Run | Scr Mat Mat Mat Fac Fac Fac Damage Taken 10868 | . 372 837 771 1943 3606 3339 Core 2508 | . 43 152 171 357 780 1005 Absorbed by Shields 413 | . . . . . 100 313 Core Remaining (%) 61 | 100 82 62 68 49 8 . Volleys Fired 249 | . 21 26 35 49 73 45 Largest 2 | . 2 2 2 2 2 2 Hottest 124 | . 100 83 73 103 124 97 Shots Fired 447 | . 40 48 69 95 124 71 Gun 386 | . 39 44 69 92 73 69 Cannon 57 | . . 3 . 3 51 . Launcher 4 | . 1 1 . . . 2 Special . | . . . . . . . Kinetic 283 | . 22 44 51 65 71 30 Thermal 128 | . 17 . . 30 53 28 Explosive 4 | . 1 1 . . . 2 Electromagnetic 32 | . . 3 18 . . 11 Robot Hit Streak 17 | . 8 8 16 17 9 11 Robot Miss Streak 10 | . 3 5 2 3 10 3 Penetration Max 1 | . . . . . . 1 Secondary Targets 7 | . 1 2 1 1 . 2 Max Gunslinging Chain 1 | . 1 1 1 1 . 1 Shots Hit Robots 319 | . 26 31 57 75 84 46 Core Hits 162 | . 14 15 30 28 54 21 Critical Hits 4 | . . 2 . . 2 . Critical Kills . | . . . . . . . Critical Parts Destroyed 4 | . . 2 . . 2 . Melee Attacks . | . . . . . . . Impact . | . . . . . . . Slashing . | . . . . . . . Piercing . | . . . . . . . Sneak Attacks . | . . . . . . . Combat Hostiles . | . . . . . . . Follow-up Attacks . | . . . . . . . Damage Inflicted 6130 | . 374 580 1000 1246 1843 1087 Guns 4426 | . 312 365 866 1180 814 889 Cannons 982 | . . 43 . 66 873 . Explosions 722 | . 62 172 134 . 156 198 Melee . | . . . . . . . Ramming . | . . . . . . . Kinetic 3081 | . 175 365 509 805 747 480 Thermal 1943 | . 137 . 43 441 940 382 Explosive 679 | . 62 172 91 . 156 198 Electromagnetic 427 | . . 43 357 . . 27 Impact . | . . . . . . . Slashing . | . . . . . . . Piercing . | . . . . . . . Highest Corruption 33 | . . . . 7 4 33 Average Corruption 6 | . . . . 7 3 17 Corruption Purged . | . . . . . . . Effects 69 | . . . . 22 26 21 Message Errors 14 | . . . . 4 8 2 Matter Fused 12 | . . . . 6 5 1 Heat Flow Errors 5 | . . . . 2 3 . Energy Discharges 3 | . . . . 2 1 . Parts Rejected 2 | . . . . . 1 1 Data Loss (minor) 7 | . . . . 1 3 3 Misfires 1 | . . . . . . 1 Misdirections 2 | . . . . . . 2 Targeting Errors 21 | . . . . 6 4 11 Weapon Failures 2 | . . . . 1 1 . Overload Shots . | . . . . . . . Overflow Damage 11 | . . . . . 11 . Projectiles . | . . . . . . . Explosions 11 | . . . . . 11 . Melee . | . . . . . . . Knockbacks 8 | . . . . . 8 . Impact . | . . . . . . . Kinetic 8 | . . . . . 8 . Secondary . | . . . . . . . Self-Inflicted Damage 400 | . 8 5 192 . 153 42 Shots 8 | . 1 1 2 . 2 2 Rammed . | . . . . . . . Targets Rammed . | . . . . . . . Kicked . | . . . . . . . Crushed . | . . . . . . . Highest Temperature 707 | . 233 33 207 265 707 32 Average Temperature 203 | . 80 20 51 108 244 11 Received Heat Transfer 2360 | . 174 108 252 855 756 215 Effects 76 | . 1 . . . 75 . Shutdowns 21 | . . . . . 21 . Energy Bleed 14 | . 1 . . . 13 . Interference 7 | . . . . . 7 . Matter Decay 10 | . . . . . 10 . Short Circuit 3 | . . . . . 3 . Damage (minor) 8 | . . . . . 8 . Damage (major) 9 | . . . . . 9 . Damage (core) 4 | . . . . . 4 . Siege Activations . | . . . . . . . Robots Corrupted . | . . . . . . . Combat Hostiles . | . . . . . . . Parts Fried 1 | . . . 1 . . . Impact Corruptions . | . . . . . . . Robots Melted . | . . . . . . . Combat Hostiles . | . . . . . . . Parts Melted 4 | . 2 . . . 1 1 Heat Transferred 3544 | . 407 . 50 945 1513 629 Parts Sabotaged . | . . . . . . . Parts Stolen . | . . . . . . . Parts Stripped . | . . . . . . . Power Chain Reactions 1 | . . . 1 . . . Missiles Intercepted . | . . . . . . . Alert | -11 -10 -9 -8 -7 -6 -5 ------- Run | Scr Mat Mat Mat Fac Fac Fac Peak Influence 304 | . 120 226 304 155 148 100 Initial 50 | . . 50 31 44 2 7 Average 77 | . 60 99 166 96 38 17 Maximum Alert Level 1 | . . 1 1 . . . Low Security (%) 90 | 100 100 80 57 100 100 100 Level 1 9 | . . 19 42 . . . Level 2 . | . . . . . . . Level 3 . | . . . . . . . Level 4 . | . . . . . . . Level 5 . | . . . . . . . High Security . | . . . . . . . Max Security . | . . . . . . . Squads Dispatched 22 | . 4 . 7 6 4 1 Investigation 3 | . 1 . 1 1 . . Extermination 5 | . . . . 1 3 1 Reinforcement 13 | . 3 . 5 4 1 . Assault . | . . . . . . . Garrison 1 | . . . 1 . . . Intercept . | . . . . . . . Construction Impeded 2 | . . . . 1 1 . Haulers Reinforced . | . . . . . . . Stealth | -11 -10 -9 -8 -7 -6 -5 --------- Run | Scr Mat Mat Mat Fac Fac Fac Distress Signals 5 | . 1 1 2 . . 1 Communications Jammed . | . . . . . . . Distress Signals . | . . . . . . . Times Spotted 99 | . 18 13 22 19 17 10 Peak Tracking Total 7 | . 6 7 3 5 4 5 Tactical Retreats 1 | . 1 . . . . . Traps | -11 -10 -9 -8 -7 -6 -5 ------- Run | Scr Mat Mat Mat Fac Fac Fac Traps Triggered 2 | . 1 . . 1 . . Indirectly . | . . . . . . . Trap Hack Attempts . | . . . . . . . Triggered . | . . . . . . . Disarmed . | . . . . . . . Reprogrammed 6 | . . . . . 6 . Reused 1 | . . . . . 1 . Traps Extracted . | . . . . . . . Installed . | . . . . . . . Triggered 1 | . . . . . 1 . Machines | -11 -10 -9 -8 -7 -6 -5 ---------- Run | Scr Mat Mat Mat Fac Fac Fac Machines Disabled 5 | . . . 2 . 3 . Max in Single Turn 3 | . . . 2 . 3 . Garrison Access 2 | . . . 1 . 1 . Machines Sabotaged . | . . . . . . . Garrisons Compromised . | . . . . . . . Overloaded Fab Kills . | . . . . . . . Fab Network Shutdowns . | . . . . . . . Hacking | -11 -10 -9 -8 -7 -6 -5 --------- Run | Scr Mat Mat Mat Fac Fac Fac Machines Accessed 13 | . . 2 6 1 4 . Terminals 11 | . . 2 5 1 3 . Fabricators . | . . . . . . . Repair Stations . | . . . . . . . Recycling Units . | . . . . . . . Scanalyzers . | . . . . . . . Garrison Access 2 | . . . 1 . 1 . Total Hacks 27 | . . 3 13 2 9 . Successful 17 | . . 2 8 1 6 . Failed 10 | . . 1 5 1 3 . Catastrophic 2 | . . . 1 1 . . Database Lockouts . | . . . . . . . Manual . | . . . . . . . Terminals 25 | . . 3 12 2 8 . Fabricators . | . . . . . . . Repair Stations . | . . . . . . . Recycling Units . | . . . . . . . Scanalyzers . | . . . . . . . Garrison Access 2 | . . . 1 . 1 . Terminal Hacks 15 | . . 2 7 1 5 . Emergency Access Points 1 | . . 1 . . . . Alert Level 1 | . . . 1 . . . Unreport Threat 2 | . . . 1 . 1 . Locate Traps 8 | . . 1 4 1 2 . Reprogram Traps 1 | . . . . . 1 . Zone Layout 2 | . . . 1 . 1 . Fabricator Hacks . | . . . . . . . Repair Station Hacks . | . . . . . . . Recycling Unit Hacks . | . . . . . . . Scanalyzer . | . . . . . . . Garrison Access Hacks 2 | . . . 1 . 1 . Seal Access 2 | . . . 1 . 1 . Unauthorized Hacks . | . . . . . . . Terminals . | . . . . . . . Fabricators . | . . . . . . . Repair Stations . | . . . . . . . Recycling Units . | . . . . . . . Scanalyzers . | . . . . . . . Garrison Access . | . . . . . . . Data Cores Recovered . | . . . . . . . Used . | . . . . . . . Hacking Detections 9 | . . 2 4 1 2 . Full Trace Events 1 | . . . 1 . . . Feedback Events . | . . . . . . . Feedback Blocked . | . . . . . . . Robot Schematics Acquired . | . . . . . . . Robots Built . | . . . . . . . Matter . | . . . . . . . Time . | . . . . . . . Total Robot Build Rating . | . . . . . . . Part Schematics Acquired . | . . . . . . . Parts Built . | . . . . . . . Matter . | . . . . . . . Time . | . . . . . . . Total Part Build Rating . | . . . . . . . Parts Repaired . | . . . . . . . Time . | . . . . . . . Parts Recycled . | . . . . . . . Recycled Matter . | . . . . . . . Retrieved Matter . | . . . . . . . Retrieved Components . | . . . . . . . Parts Scanalyzed . | . . . . . . . Part Schematics Acquired . | . . . . . . . Parts Damaged . | . . . . . . . Bothacking | -11 -10 -9 -8 -7 -6 -5 ------------ Run | Scr Mat Mat Mat Fac Fac Fac Used RIF Installer . | . . . . . . . Robots Hacked . | . . . . . . . Non-combat . | . . . . . . . Combat . | . . . . . . . Robot Hacks Applied . | . . . . . . . Relay Couplers Released . | . . . . . . . Robots Rewired . | . . . . . . . Allies Hacked . | . . . . . . . Hacks Repelled . | . . . . . . . Allies | -11 -10 -9 -8 -7 -6 -5 -------- Run | Scr Mat Mat Mat Fac Fac Fac Total Allies . | . . . . . . . Largest Group . | . . . . . . . Highest-Rated Group . | . . . . . . . Highest-Rated Ally . | . . . . . . . Total Orders . | . . . . . . . Ally Attacks . | . . . . . . . Total Damage . | . . . . . . . Kills . | . . . . . . . Allies Corrupted . | . . . . . . . Allies Melted . | . . . . . . . Intel | -11 -10 -9 -8 -7 -6 -5 ------- Run | Scr Mat Mat Mat Fac Fac Fac Robot Analysis Total . | . . . . . . . Derelict Logs Recovered . | . . . . . . . Drone Launches . | . . . . . . . Drone Recoveries . | . . . . . . . Exploration | -11 -10 -9 -8 -7 -6 -5 ------------- Run | Scr Mat Mat Mat Fac Fac Fac Turns Passed 4749 | 65 593 521 811 809 1435 515 Spaces Moved 2224 | 40 353 287 398 394 558 194 Core 31 | 14 . . . . . 17 Treads 427 | . . 43 378 6 . . Legs 1766 | 26 353 244 20 388 558 177 Wheels . | . . . . . . . Hover . | . . . . . . . Flight . | . . . . . . . Fastest Speed 50 | 50 120 120 120 120 120 150 Average Speed 153 | 127 142 137 157 153 154 193 Slowest Speed 1200 | 200 150 180 160 240 360 1200 Overloaded Moves . | . . . . . . . Propulsion Burnouts . | . . . . . . . Robots Hopped . | . . . . . . . Cave-ins Triggered 1 | . . . . 1 . . Exploration Rate (%) 24 | 4 58 28 40 13 21 4 Regions Visited 6 Branch Regions . Pre-discovered Areas . | . . . . . . . Known Exits Taken 4 | . 1 1 1 1 . . Unknown Exits Taken 2 | 1 . . . . 1 . Scrap Searched . | . . . . . . . Spaces Dug . | . . . . . . . Terrain Destroyed 81 | . 4 6 34 . 28 9 Melee . | . . . . . . . Projectile 4 | . . . . . 3 1 AOE 77 | . 4 6 34 . 25 8 Terrain Rammed . | . . . . . . . Walls Destroyed . | . . . . . . . Machines Disabled . | . . . . . . . Actions | -11 -10 -9 -8 -7 -6 -5 --------- Run | Scr Mat Mat Mat Fac Fac Fac Total 3098 | 51 407 364 516 497 1000 263 Wait 428 | . 16 24 44 15 322 7 Move 2218 | 39 352 286 397 393 557 194 Hop . | . . . . . . . Pick Up 52 | 6 8 8 8 11 7 4 Fast Attach 51 | 6 2 5 12 11 11 4 Attach 43 | . 2 6 4 8 15 8 Detach . | . . . . . . . Swap 15 | . 2 4 . 3 5 1 Drop 42 | . 4 5 16 7 10 . Fire 249 | . 21 26 35 49 73 45 Melee . | . . . . . . . Ram . | . . . . . . . Kick . | . . . . . . . Crush . | . . . . . . . Escape Stasis . | . . . . . . . Rewire . | . . . . . . . Trap . | . . . . . . . Miscellaneous . | . . . . . . . Route ------- -11/Scrapyard -10/Materials (discovered 3 exits: *Mat / [*Min x2]) -9/Materials (discovered 2 exits: *Mat / *Min) -8/Materials -7/Factory -6/Factory -5/Factory History --------- Turn | Location | Event 21 | -11/Scrapyard | Discovered new exit (range 14) 66 | -11/Scrapyard | Entered Materials 235 | -10/Materials | Discovered new exit (range 5) 276 | -10/Materials | Discovered new exit (range 9) 300 | -10/Materials | Build established: Mutant 636 | -10/Materials | Discovered new exit (range 15) 657 | -10/Materials | Identified exit to Materials 659 | -10/Materials | Entered another Materials area 659 | -9/Materials | Evolved 2 slots: Propulsion x2 661 | -9/Materials | Discovered new exit (range 7) 669 | -9/Materials | Identified exit to Mines 915 | -9/Materials | Lost 6 parts (1p3n2w) 1087 | -9/Materials | Discovered new exit (range 14) 1135 | -9/Materials | Identified exit to Materials 1180 | -9/Materials | Entered another Materials area 1180 | -8/Materials | Evolved 2 slots: Utility x2 1202 | -8/Materials | Build established: Scavenger-Mutant 1217 | -8/Materials | Garrison activated, responded to threat 1975 | -8/Materials | Discovered new exit (range 3) 1976 | -8/Materials | Identified exit to Factory 1991 | -8/Materials | Entered Factory 1991 | -7/Factory | Evolved 2 slots: Utility x2 2227 | -7/Factory | Crushed by falling debris 2258 | -7/Factory | Lost 9 parts (1p5n2u1w) 2551 | -7/Factory | Core integrity fell below 50% 2780 | -7/Factory | Discovered new exit (range 13) 2799 | -7/Factory | Identified exit to Factory 2800 | -7/Factory | Entered another Factory area 2800 | -6/Factory | Evolved 2 slots: Power x1, Utility x1 2834 | -6/Factory | Found Hvy. Reflective Plating 3880 | -6/Factory | Lost 5 parts (3p1n1w) 3888 | -6/Factory | Core integrity fell below 50% 3953 | -6/Factory | Lost 3 parts (1n2u) 3977 | -6/Factory | Core integrity fell below 20% 4050 | -6/Factory | Lost 3 parts (2n1u) 4159 | -6/Factory | Spotted B-75 Beast 4231 | -6/Factory | Discovered new exit (range 4) 4235 | -6/Factory | Entered another Factory area 4235 | -5/Factory | Evolved 2 slots: Propulsion x1, Utility x1 4583 | -5/Factory | System corruption reached 10% 4691 | -5/Factory | Core integrity fell below 50% 4714 | -5/Factory | System corruption reached 30% 4718 | -5/Factory | Lost 21 parts (3p6n6u6w) 4734 | -5/Factory | Core integrity fell below 20% 4750 | -5/Factory | Destroyed by P-70 Sage with Tesla Rifle Last Messages --------------- 04671_ P-70 Sage resets P-70 Sage, system corruption cleaned. 04672_ System corrupted: Hpw. Shock Rifle targeting data glitched. 04672_ Door malfunctions. 04675_ Adv. Heat Sink destroyed. 04675_ Reclaimed 20 matter. 04678_ Lgt. Angular Momentum Engine destroyed. 04678_ Reclaimed 20 matter. 04679_ P-70 Sage resets P-70 Sage, system corruption cleaned. 04680_ Adv. Reclamation Unit destroyed. 04683_ Imp. Medium Armor Plating destroyed. 04684_ P-70 Sage suffers critical hit. 04684_ P-70 Sage destroyed. 04687_ Hpw. Shock Rifle destroyed. 04689_ System corrupted: Component data lost. 04703_ Construction Platform disabled. 04706_ System corrupted: Matter fused (-7). 04723_ Lrg. Storage Unit destroyed. 04725_ System corrupted: Component data lost. 04725_ Lrg. Storage Unit destroyed. 04740_ 2KN,ZQ&=XNDSBRBCG1RGOE=| IWH8BK%JTVA/2 Map ----- +----------------------------------------------------+ | ?????????????????????????????????????????????# | | ?????????????????????????????????????????????# | | ?????????????????????????????????????????????# | | ?????????????????????????????????????????????# | | ?????????????????????????????????????????????# | | ?????????????????????????????????????????????# | | ?????????????????????????????????????????????# | | ?????????????????????????????????????????????# | | ???????????????????????????????????????########### | | ???????????????????????????????????????# | | ???????????????????????????????????????# | | ???????????????????????????????????????# | | ???????????????????????????????????????# | | ???????????????????????????????????????# | | ???????????????????????????????????????# ##### | | ???????????????????????????????????????# ## | | ???????????????????????????????????????# ## | | ???????????????????????????????????????# ## | | ???????????????????????????????????????# ## | | ?????????????????????#####+############# ## | | ?????????????????????# # # ## | | ?????????????????????# """ # # ## | | ?????????????????????# """ # # ## | | ?????????????????????# """ # # ## | | ?????????????????????# g # # ## | | ?????????????????????#! @""" # ## | | ?????????????????????# """ # !*= # ## | | ?????????????????????# p""" # %!%= ## | | ?????????????????????# # %=* ##### | | ???????????????????##########+###! !%= # # | | ??????????????? ^ =%!|!* # """ | | ??????????????? = =%% + """ | | ??????????????? # """ | | ???????????????? ^ # """ | | ???????????????? ^ # """ | | ?????????????????###########/################# """ | | ?????????????????????????? ????????????????# """ | | ?????????????????????????"" ????????????????# | | ????????????????????????"""" ????????????????##### | | ????????????????????????"""" ????????????????????? | | ????????????????????????"""" ????????????????????? | | ???????????????????????????" ????????????????????? | | ???????????????????????????"?????????????????????? | | ?????????????????????????????????????????????????? | | ?????????????????????????????????????????????????? | | ?????????????????????????????????????????????????? | | ?????????????????????????????????????????????????? | | ?????????????????????????????????????????????????? | | ?????????????????????????????????????????????????? | | ?????????????????????????????????????????????????? | +----------------------------------------------------+ Best States ------------- Heat Dissipation 59 Energy Generation 29 Energy Capacity 430 Matter Stores 300 Matter Capacity 300 Sight Range 16 Terrain Scan Density 60 Armor Coverage 975 Resistance: TH 25 Resistance: EX 25 Utility Shielding 33 Reclamation Efficiency 20 Evasion (%) 40 Recoil Reduction 3 Item Schematics ----------------- None Robot Schematics ------------------ None Fabricated ------------ Nothing Alien Tech Used ----------------- None Achievements -------------- None Challenges ------------ None Game ------ Seed OmegaSpikedRefractor Manual? 0 Play Time 00:59:13 Cumulative 34.1 hours Start 2021.07.30 @ 21:48:26 End 2021.07.30 @ 22:51:26 Sessions 1 Manual Loads 0 Difficulty Rogue Special Mode None Game No. 38 Rogue 36 Adventurer 0 Explorer 2 Win Type - Total 0 Types 0/0/0/0/0/0/0/0/0 Lore% 23 Gallery% 29 Achievement% 17 Wizard Run 0 Options --------- ASCII 0 Keyboard 0 Movement Mouse Keybinds 0 Fullscreen 1 Font 12/Fuzzy Map View 83x54 Tactical HUD 1 Map Filters NONE Filters NONE Steam 1 RUN: 6c29ea00-b463-4886-851e-168fa573990b